 Dungeon Crawl Stone Soup version 0.30-a0-576-g89cddaab80 (webtiles) character file.

Game seed: 17479570905755752846

8 kae the Insei (level 2, 0/21 HPs)
             Began as a Demonspawn Transmuter on Dec 30, 2022.
             Slain by a quokka (1 damage)
             ... on level 1 of the Dungeon.
             The game lasted 00:00:18 (508 turns).

kae the Insei (Demonspawn Transmuter)                Turns: 508, Time: 00:00:19

Health: 0/21       AC:  2    Str: 10    XL:     2   Next: 0%
Magic:  5/5        EV: 12    Int: 14    God:
Gold:   29         SH:  0    Dex: 13    Spells: 4/5 levels left

rFire   . . .      SeeInvis .      - Unarmed
rCold   . . .      Faith    .    (no shield)
rNeg    . . .      Spirit   .    a - +0 robe
rPois   .          Reflect  .    (helmet currently unavailable)
rElec   .          Harm     .    (no cloak)
rCorr   .          Rampage  .    (no gloves)
Will    .....                    (boots currently unavailable)
Stlth   +                        (no amulet)
HPRegen 0.23/turn                (no ring)
MPRegen 0.09/turn                (no ring)

@: appendages (expiring)
A: horns 2, talons 2, weakness stinger 1
a: End Transformation


You were on level 1 of the Dungeon.
You had temporarily grown beastly horns and talons.
You visited 1 branch of the dungeon, and saw 1 of its levels.

You collected 29 gold pieces.


Innate Abilities, Weirdness & Mutations

You have temporarily grown beastly horns and talons.
You have a small tail.


   Skills:
 - Level 1.0 Fighting
 - Level 1.7 Dodging
 + Level 2.8 Unarmed Combat
 + Level 2.1 Spellcasting
 * Level 2.1 Transmutations


You had 4 spell levels left.
You knew the following spells:

 Your Spells              Type           Power      Damage    Failure   Level
a - Beastly Appendage     Tmut           14%        N/A       10%         1

Your spell library contained the following spells:

 Spells                   Type           Power      Damage    Failure   Level
 Wereblood                Tmut           7%         N/A       14%         2
 Passwall                 Tmut/Erth      3%         N/A       22%         2
 Ensorcelled Hibernation  Hex/Ice        2%         N/A       34%         2
 Spider Form              Tmut/Pois      4%         N/A       41%         3
 Swiftness                Air            1%         N/A       56%         3
 Ice Form                 Ice/Tmut       4%         N/A       83%         4

Inventory:

Missiles
 e - 5 poisoned darts
 f - 4 boomerangs
Armour
 a - a +0 robe (worn)
Scrolls
 d - a scroll of fog {unknown}
Potions
 b - a potion of lignification {!q}
 c - a potion of curing {unknown}

Dungeon Overview and Level Annotations

Branches:
Dungeon (1/15) Zot: 5492

Altars:

##...'...######...#####..#
#####....#.....#...#.....
#.......#######...##..
#.......# #######.
#.......# ## #.......## #
#........# #........#
#....@...# #...†r...#
#........# #........#
#.(......# #.........
###........ #.........


You could see a quokka.


Message History

A rat is nearby!
Casting: Beastly Appendage (safe; 10% risk of failure)
Confirm with . or Enter, or press ? or * to list all spells.
You grow a pair of large bovine horns.
Your feet morph into talons. 😎 MP[-1]
You lost 1 mp, and now have 2/3 mp.
The rat barely misses you.
You hit the rat. Your kick misses the rat. Your headbutt misses the rat.
Your transformation is almost over.
The rat bites you but does no damage.
A rat is nearby!
You hit the rat.
You kill the rat!
No target in view!
You see here a rat corpse.
Found a stone staircase leading down.
No target in view!
No target in view!
Your horns disappear.
Your talons disappear.
e - 5 poisoned darts 😎 MP[+1]
Your mp is fully restored (3).
f - 4 boomerangs You open the door.
There is an open door here.
Key pressed, stopping explore.
Unknown command.
A quokka comes into view.
A quokka is nearby!
A quokka is nearby!
A frilled lizard comes into view.
Casting: Beastly Appendage (safe; 10% risk of failure)
Confirm with . or Enter, or press ? or * to list all spells.
You grow a pair of large bovine horns.
Your feet morph into talons.
The quokka twitches its whiskers.
The quokka misses you. 😎 MP[-1]
You lost 1 mp, and now have 2/3 mp.
You closely miss the quokka. Your kick misses the quokka.
You headbutt the quokka. The quokka misses you.
You closely miss the quokka.
The frilled lizard hisses angrily.
The quokka bites you but does no damage.
You hit the quokka. Your kick misses the quokka. The quokka bites you.
You closely miss the quokka. The quokka closely misses you. 😕 HP[-1]
You take 1 damage, and now have 14/15 hp.
Unknown command.
You closely miss the quokka. The quokka completely misses you. x2
You hit the quokka but do no damage. Your headbutt misses the quokka.
The quokka bites you. 😕 HP[-2]
You take 2 damage, and now have 12/15 hp.
You closely miss the quokka.
Your transformation is almost over.
The quokka bites you.
You miss the quokka. The quokka bites you. 😮 HP[-2]
You take 2 damage, and now have 10/15 hp.
You are too injured to fight recklessly!
You are too injured to fight recklessly!
You are too injured to fight recklessly!
You are too injured to fight recklessly!
You are too injured to fight recklessly!
You are too injured to fight recklessly!
Unknown command.
You miss the frilled lizard. The frilled lizard misses you.
The quokka bites you.
* * * LOW HITPOINT WARNING * * *
😨 HP[-4]
You take 4 damage, and now have 6/15 hp.
MASSIVE DAMAGE!! (PAUSE)
You closely miss the frilled lizard. The frilled lizard bites you.
* * * LOW HITPOINT WARNING * * *
The quokka bites you but does no damage. 😨 HP[-1]
You take 1 damage, and now have 5/15 hp.
You barely miss the quokka. Your kick misses the quokka.
The frilled lizard bites you.
* * * LOW HITPOINT WARNING * * *
The quokka closely misses you. 😨 HP[-1] MP[+1]
You take 1 damage, and now have 4/15 hp.
Your mp is fully restored (3).
You hit the frilled lizard.
You kill the frilled lizard!
The quokka closely misses you.
You have reached level 2!
Your demonic ancestry asserts itself...
You grow a small tail. 😨 HP[+2] MP[+2]
You now have 21 max hp (+6).
You regained 2 hp, and now have 6/21 hp.
Your mp is fully restored (5).
You miss the quokka. Your kick misses the quokka.
Your headbutt misses the quokka.
Your tail-slap misses the quokka.
The quokka bites you.
* * * LOW HITPOINT WARNING * * *
The quokka bites you.
You die...

Skill      XL: |  1 |
---------------+----+-----
Transmutations | 2 |  2.1
Fighting       | |  1.0
Dodging        | |  1.7
Unarmed Combat | |  2.8
Spellcasting   | |  2.1

Action                   || total
-------------------------++-------
Melee: Unarmed           ||    27
       Kick              ||     5
       Headbutt          ||     1
 Cast: Beastly Appendage ||     7
Armor: Robe              ||     6
Dodge: Dodged            ||    15

Levels and vault maps discovered:
D:1:      wander_arrival_fairy_ring, layout_basic

Notes
Turn   | Place    | Note
-------+----------+-------------------------------------------
     0 | D:1      | kae the Demonspawn Transmuter began the quest for the Orb.
     0 | D:1      | Reached XP level 1. HP: 15/15 MP: 3/3
     0 | D:1      | magus.rc [v1.11.3]
   171 | D:1      | Reached skill level 2 in Transmutations
   206 | D:1      | You pick up a book of Burglary and begin reading...
   206 | D:1      | You add the spells Passwall, Ensorcelled Hibernation and
                  | Swiftness to your library.
   508 | D:1      | Gained mutation: You have a small tail. [demonic ancestry]
   508 | D:1      | Reached XP level 2. HP: 6/21 MP: 5/5
   508 | D:1      | HP: 1/21 [quokka (5)]
   508 | D:1      | Slain by a quokka

Vanquished Creatures
  An endoplasm (D:1)
  A giant cockroach (D:1)
  A bat (D:1)
  2 frilled lizards (D:1)
  2 kobolds (D:1)
  2 rats (D:1)
9 creatures vanquished.

Table legend:
 A = Non-vault XP
 B = Vault XP
 C = Vault XP percentage of total XP
 D = Non-vault monster count
 E = Vault monster count
 F = Vault count percentage of total count
                 A         B        C        D         E       F
            +---------+---------+-------+---------+---------+-------
      Total |      12 |       0 |   0.0 |       9 |       0 |   0.0
            +---------+---------+-------+---------+---------+-------
        D:1 |      12 |       0 |   0.0 |       9 |       0 |   0.0
            +---------+---------+-------+---------+---------+-------

Illustrated notes

Table legend:
 A = Kills in this place as a percentage of kills in entire the game.
 B = Kills by you in this place as a percentage of kills by you in the entire game.
 C = Kills by friends in this place as a percentage of kills by friends in the entire game.
 D = Other kills in this place as a percentage of other kills in the entire game.
 E = Experience gained in this place as a percentage of experience gained in the entire game.
 F = Experience gained in this place divided by the number of levels of this place that you have seen.
                   A       B       C       D       E      F
               +-------+-------+-------+-------+-------+----------------------
         Total | 100.0 | 100.0 |   N/A |   N/A | 100.0 |  12.0
       Dungeon | 100.0 | 100.0 |   N/A |   N/A | 100.0 |  12.0
               +-------+-------+-------+-------+-------+----------------------

Table legend: (Time is in decaauts)
 A = Elapsed time spent in this place.
 B = Non-inter-level travel time spent in this place.
 C = Inter-level travel time spent in this place.
 D = Time resting spent in this place.
 E = Time spent auto-exploring this place.
 F = Levels seen in this place.
 G = Mean time per level.
                   A        B        C        D        E       F      G
               +--------+--------+--------+--------+--------+-----+--------+
         Total |    506 |    506 |      0 |      0 |    439 |   1 |  506.0 |
       Dungeon |    506 |    506 |      0 |      0 |    439 |   1 |  506.0 |
               +--------+--------+--------+--------+--------+-----+--------+

Top non-repeatable levels by time:
     D:1: 506 daAuts
